 Dungeon Crawl Stone Soup version 0.30-a0-141-g30f27751c5 (webtiles) character file.

Game seed: 9959540932773558334

72 qw the Chopper (level 4, 0/28 HPs)
             Began as a Gargoyle Fighter on Sept 25, 2022.
             Slain by Sigmund
             ... wielding a +0 scythe
              (2 damage)
             ... on level 2 of the Dungeon.
             The game lasted 00:00:31 (1439 turns).

qw the Chopper (Gargoyle Fighter)                   Turns: 1439, Time: 00:00:31

Health: 0/28       AC: 11    Str: 21    XL:     4   Next: 25%
Magic:  4/4        EV:  9    Int:  9    God:
Gold:   75         SH:  4    Dex:  9    Spells: 3/3 levels left

rFire   . . .      SeeInvis .    e - +0 broad axe
rCold   . . .      Faith    .    c - +0 buckler
rNeg    + . .      Spirit   .    b - +0 scale mail
rPois   inf        Reflect  .    f - +0 helmet
rElec   +          Harm     .    (no cloak)
rCorr   .          Rampage  .    (no gloves)
Will    .....                    (no boots)
Stlth   ..........               (no amulet)
HPRegen 0.09/turn                (no ring)
MPRegen 0.09/turn                (no ring)

@: no status effects
A: sickness immunity, AC +3, negative energy resistance 1, electricity
resistance, torment resistance 1, petrification resistance
a: no special abilities


You were on level 2 of the Dungeon.
You visited 1 branch of the dungeon, and saw 2 of its levels.

You collected 1275 gold pieces.
You spent 1200 gold pieces at shops.


Innate Abilities, Weirdness & Mutations

You are immune to sickness and miasma.
Your stone body is resilient. (AC +3)
You are immune to poison.
You resist negative energy. (rN+)
You are resistant to electric shocks. (rElec)
You are resistant to unholy torment.
You are immune to petrification.


   Skills:
 - Level 3.2 Fighting
 - Level 4.0 Axes
 + Level 0.1 Throwing
 - Level 3.2 Armour
 - Level 3.2 Shields


You had 3 spell levels left.
You didn't know any spells.
Your spell library was empty.

Inventory:

Hand Weapons
 e - a +0 broad axe (weapon)
Missiles
 m - a javelin (quivered)
Armour
 b - a +0 scale mail (worn)
 c - a +0 buckler (worn)
 f - a +0 helmet (worn)
 h - a +0 chain mail
Jewellery
 i - an amulet of guardian spirit
 j - an amulet of regeneration
 k - a ring of fire
 l - a ring of see invisible
Scrolls
 a - 2 scrolls of identify
Potions
 d - a potion of might
 n - a potion of brilliance {unknown}

Dungeon Overview and Level Annotations

Branches:
Dungeon (2/15)

Altars:

Shops:
D:2 =

Annotations:
D:2 Sigmund


Message History

Sigmund mumbles some strange words.
Sigmund flickers and vanishes!
Deactivating autopickup; reactivate with Ctrl-A.
You're too confused to attack without stumbling around!
There is a strange disturbance nearby!
You hear a zap.
The roots erupt in riotous growth!
The grasping roots grab you!
You are constricted.
You're too confused to attack without stumbling around!
There is a strange disturbance nearby!
Something hits you but does no damage.
You are constricted.
The grasping roots release their grip on you.
You're too confused to attack without stumbling around!
There is a strange disturbance nearby!
You feel less confused. Something hits you.
You closely miss something. Something hits you.
You miss something.
You hear a zap.
The roots erupt in riotous growth!
The grasping roots grab you!
You are constricted!
You barely miss something. Something hits you.
You are constricted.
The grasping roots release their grip on you.
You barely miss something. Something hits you but does no damage.
You miss something. Something hits you but does no damage.
You miss something. Something hits you.
You slash something! Something hits you but does no damage.
You barely miss something. Something hits you but does no damage.
You barely miss something. Something hits you.
You die...

####7\7##........###....##
#..##........########
#7.#..........#
#......<......#
#.#...........# #
#...........#
.##..........#
............#....
.###...@..!##.### .
#..{..### ## #.....#
.......# .........#
.$.?.#.### .###.#. #.#.


There were no monsters in sight!

Vanquished Creatures
  5 adders (D:2)
  A worm (D:2)
  A ball python (D:1)
  3 bats (D:1)
  2 endoplasms
  A goblin (D:2)
  2 hobgoblins (D:1)
  3 jackals (D:1)
  2 quokkas
  4 frilled lizards
  A kobold (D:1)
  2 rats (D:1)
27 creatures vanquished.

Notes
Turn   | Place    | Note
-------+----------+-------------------------------------------
     0 | D:1      | qw the Gargoyle Fighter began the quest for the Orb.
     0 | D:1      | Reached XP level 1. HP: 14/14 MP: 1/1
     0 | D:1      | 0 ||| qw: Version: 0.2-a-10-g399e6c4
     0 | D:1      | 0 ||| qw: Game counter: 155
     0 | D:1      | 0 ||| qw: Always use a shield: true
     0 | D:1      | 0 ||| qw: God list: Okawaru
     0 | D:1      | 0 ||| qw: Allow faded altars: false
     0 | D:1      | 0 ||| qw: Do Orc after D:15 true
     0 | D:1      | 0 ||| qw: Do second Lair branch before Depths: true
     0 | D:1      | 0 ||| qw: Lair rune preference: random
     0 | D:1      | 0 ||| qw: Plans: Normal, Zot:1-4, God:TSO, Crypt, Tomb,
                  | Pan, Slime:5, Hells, Abyss, Orb
     0 | D:1      | 0 ||| PLANNING D:1-11
    80 | D:1      | Reached skill level 2 in Axes
   204 | D:1      | Reached XP level 2. HP: 19/19 MP: 2/2
   721 | D:1      | 721 ||| UPGRADING to +0 helmet.
   726 | D:1      | 726 ||| READING 2 scrolls labelled RIEMEG NAYR.
   727 | D:1      | 727 ||| READING scroll labelled SUGIFFAMMUAS.
   728 | D:1      | 728 ||| READING scroll labelled XEFFEMN HI VUN.
   728 | D:1      | Identified a scroll of acquirement
   728 | D:1      | 728 ||| ACQUIRING 1137 gold pieces
   728 | D:1      | Acquired 1137 gold pieces
   730 | D:1      | 730 ||| DRINKING 2 clear potions.
   764 | D:2      | Reached skill level 3 in Axes
   764 | D:2      | Reached XP level 3. HP: 23/23 MP: 3/3
   767 | D:2      | Found Nasabb's Jewellery Emporium.
   872 | D:2      | 872 ||| Stepping ~*~*~tactically~*~*~ (stealth).
   873 | D:2      | 873 ||| Stepping ~*~*~tactically~*~*~ (stealth).
   941 | D:2      | 941 ||| SWAPPING to +0 broad axe.
  1053 | D:2      | 1053 ||| Stepping ~*~*~tactically~*~*~ (stealth).
  1057 | D:2      | 1057 ||| Stepping ~*~*~tactically~*~*~ (stealth).
  1118 | D:2      | Reached XP level 4. HP: 20/28 MP: 4/4
  1198 | D:2      | 1198 ||| DROPPING +0 war axe.
  1202 | D:2      | 1202 ||| BUYING amulet of guardian spirit (360 gold).
  1202 | D:2      | Bought an amulet of guardian spirit for 360 gold pieces
  1202 | D:2      | 1202 ||| BUYING amulet of regeneration (360 gold).
  1202 | D:2      | Bought an amulet of regeneration for 360 gold pieces
  1202 | D:2      | 1202 ||| SHOPLISTING ring "Ruung" {rC+ AC+4} (600 gold,
                  | have 499).
  1202 | D:2      | 1202 ||| BUYING ring of fire (300 gold).
  1202 | D:2      | Bought a ring of fire for 300 gold pieces
  1202 | D:2      | 1202 ||| SHOPLISTING ring of protection from fire (300
                  | gold, have 199).
  1202 | D:2      | 1202 ||| BUYING ring of see invisible (180 gold).
  1202 | D:2      | Bought a ring of see invisible for 180 gold pieces
  1283 | D:2      | Reached skill level 4 in Axes
  1353 | D:2      | 1353 ||| FLEEEEING.
  1354 | D:2      | 1354 ||| FLEEEEING.
  1355 | D:2      | 1355 ||| FLEEEEING.
  1356 | D:2      | 1356 ||| FLEEEEING.
  1417 | D:2      | Noticed Sigmund
  1424 | D:2      | 1424 ||| DRINKING potion of curing.
  1424 | D:2      | 1424 ||| (to cure confusion)
  1433 | D:2      | HP: 7/28 [something (4)]
  1433 | D:2      | HP: 3/28 [something (4)]
  1436 | D:2      | HP: 1/28 [something (2)]
  1439 | D:2      | Slain by Sigmund

Levels and vault maps discovered:
D:1:      lightli_arrival_quake, layout_rooms, hangedman_decor_opposing
D:2:      layout_rooms, serial_shops, nicolae_shop_trees,
          nicolae_ecumenical_lake_church, chequers_serial_rivers_micro_e,
          chequers_serial_rivers_large_a, minmay_misc_feat_cross, uniq_sigmund

Skill      XL: |  1  2  3  4 |
---------------+-------------+-----
Axes           | 2 3 4 |  4.0
Fighting       | |  3.2
Throwing       | |  0.1
Armour         | |  3.2
Shields        | |  3.2

Action                   |  1- 3 |  4- 6 || total
-------------------------+-------+-------++-------
Melee: War axe           |    59 |       ||    59
       Broad axe         |    19 |    29 ||    48
Throw: Javelin           |    15 |     1 ||    16
  Use: Scroll            |     3 |       ||     3
       Potion            |     1 |     1 ||     2
Armor: Scale mail        |    38 |    23 ||    61
Dodge: Dodged            |    43 |    10 ||    53
Block: Buckler           |    17 |     2 ||    19

Table legend:
 A = Non-vault XP
 B = Vault XP
 C = Vault XP percentage of total XP
 D = Non-vault monster count
 E = Vault monster count
 F = Vault count percentage of total count
                 A         B        C        D         E       F
            +---------+---------+-------+---------+---------+-------
      Total |     103 |       0 |   0.0 |      27 |       0 |   0.0
            +---------+---------+-------+---------+---------+-------
        D:1 |      25 |       0 |   0.0 |      16 |       0 |   0.0
        D:2 |      78 |       0 |   0.0 |      11 |       0 |   0.0
            +---------+---------+-------+---------+---------+-------
